 Dungeon Crawl Stone Soup version 0.31-a0-95-g6fa058ef04 (webtiles) character file.

Game seed: 13325564405228596146

6381 browni3141 the Spear-Bearer (level 10, -4/76 HPs)
             Began as a Mummy Hunter on May 25, 2023.
             Killed by an exploding orc warrior (15 damage)
             ... ignited by their inner flame
             ... in a bailey.
             The game lasted 00:18:31 (8461 turns).

browni3141 the Spear-Bearer (Mummy Hunter)          Turns: 8461, Time: 00:18:31

Health: -4/76      AC: 15    Str: 14    XL:     10   Next: 65%
Magic:  14/14      EV: 14    Int: 10    God:
Gold:   256        SH:  0    Dex: 22    Spells: 12/15 levels left

rFire   + . .        b - +5 glaive of the Guard {elec, spectral, AC+5}
rCold   + . .        (shield currently unavailable)
rNeg    + + +        D - +0 swamp dragon scales
rPois   ∞            h - +0 helmet
rElec   .            x - +0 cloak
rCorr   .            d - +0 pair of gloves
SInv    .            (no boots)
Will    +....        (no amulet)
Stlth   +            s - ring "Zunkick" {Contam rF+ rC+ Dex+3}
HPRegen 0.32/turn    j - ring of fire
MPRegen 0.14/turn

%: faith
@: no status effects
A: cold resistance 1, negative energy resistance 3, torment resistance 2, heat
vulnerability 1, in touch with death 1, no potions, faith
a: no special abilities


You were in a bailey.
You visited 2 branches of the dungeon, and saw 9 of its levels.
You also visited: Bailey.

You collected 256 gold pieces.

Inventory:

Hand Weapons
 a - a +1 sling of flaming
 b - the +5 glaive of the Guard (weapon) {elec, spectral, AC+5}
   (You found it on level 5 of the Dungeon)

   AC:        It affects your AC (+5).
 p - a +0 shortbow
 r - a +0 orcbow
Missiles
 i - 17 poisoned darts
Armour
 c - a +0 leather armour
 d - a +0 pair of gloves (worn)
 h - a +0 helmet (worn)
 x - a +0 cloak (worn)
 D - +0 swamp dragon scales (worn)
Jewellery
 j - a ring of fire (right hand)
 s - the ring "Zunkick" (left hand) {Contam rF+ rC+ Dex+3}
   (You found it on level 4 of the Dungeon)

   [ring of protection from fire]

   Dex:       It affects your dexterity (+3).
   rF:        It protects you from fire.
   rC:        It protects you from cold.
   Contam:    It causes magical contamination when unequipped.
 A - a ring of resist corrosion
 B - an amulet of reflection
 C - an amulet of guardian spirit
Wands
 l - a wand of roots (8)
 q - a wand of flame (25)
 t - a wand of polymorph (5)
 v - a wand of mindburst (30)
 F - a wand of acid (5)
Scrolls
 e - a scroll of amnesia
 f - 2 scrolls of fog
 g - a scroll of immolation
 k - a scroll of enchant armour
 m - 2 scrolls of noise
 n - 3 scrolls of brand weapon
 u - 3 scrolls of acquirement {unknown}
 w - a scroll of identify
 y - a scroll of vulnerability {unknown}
 z - a scroll of poison {unknown}
 G - a scroll of torment {unknown}
 H - 2 scrolls of enchant weapon {unknown}
 I - 2 scrolls of teleportation {unknown}


   Skills:
 + Level 6.1 Fighting
 - Level 9.0 Polearms
 - Level 6.0 Ranged Weapons
 + Level 0.7 Armour
 + Level 5.1 Dodging
 - Level 1.0 Stealth
 - Level 3.0 Spellcasting
 - Level 3.0 Hexes
 - Level 4.0 Translocations


You had 12 spell levels left.
You knew the following spells:

 Your Spells              Type           Power      Damage    Failure   Level
a - Portal Projectile     Hex/Tloc       14%        N/A       43%         3

Your spell library contained the following spells:

 Spells                   Type           Power      Damage    Failure   Level
 Slow                     Hex            28%        N/A       17%         1
 Confusing Touch          Hex            7%         N/A       45%         3
 Volatile Blastmotes      Fire/Tloc      14%        2d11      65%         3
 Call Canine Familiar     Summ           1%         N/A       86%         3
 Vampiric Draining        Necr           2%         2d6       86%         3
 Iskenderun's Mystic Bla  Conj/Tloc      4%         2d3       96%         4
 Fulminant Prism          Conj/Hex       1%         3d5       98%         4
 Leda's Liquefaction      Hex/Erth       1%         N/A       98%         4
 Lee's Rapid Deconstruct  Erth           0%         3d4*      100%        5


Dungeon Overview and Level Annotations

Branches:
Dungeon (10/15)            Temple (1/1) D:4          Bailey (1/1)
   Lair: D:8-11         Orc: D:9-12

Altars:
Ashenzari
Cheibriados
Dithmenos
Fedhas
Gozag
Hepliaklqana
Makhleb
Nemelex Xobeh
Okawaru
Qazlal
Ru
Sif Muna
Trog
Uskayaw
Vehumet
Wu Jian
Xom
Yredelemnul

Shops:
D:5 !   D:6 *

Annotations:
D:4 2 transporters


Innate Abilities, Weirdness & Mutations

You are immune to poison.
Your flesh is cold resistant. (rC+)
You are immune to negative energy. (rN+++)
You are immune to unholy pain and torment.
You are vulnerable to heat. (rF-)
You are in touch with the powers of death.
You do not drink.
You have a special connection with the divine. (Faith)


Message History

The orc warrior no longer looks unusually strong.
The orc warrior hits you with a +0 war axe!
The orc warrior barely misses you.
Things that are here:
a +0 hand axe; a +0 leather armour The orc warrior hits you with a +0 war axe!
The orc warlord roars a battlecry!
The orc warriors go into a battle-frenzy!
There is an open door here.
You are too injured to fight recklessly!
You hit the orc warrior but do no damage.
Your +5 glaive of the Guard {elec, spectral, AC+5} hits the orc warrior from afar!!
The orc warrior hits you with a +0 war axe.
Unknown command.
You barely miss the orc warrior.
The orc warrior is severely wounded.
Your +5 glaive of the Guard {elec, spectral, AC+5} hits the orc warrior from afar!
Lightning courses through the orc warrior!!
You kill the orc warrior!
The orc warlord roars a battlecry!
The orc warrior misses you.
Unknown command.
Your +5 glaive of the Guard {elec, spectral, AC+5} disappears.
The orc warrior hits you with a +0 war axe!
* * * LOW HITPOINT WARNING * * *
Unknown command.
Items here: ! $ ) ? [.
You barely miss the orc warrior.
The orc warrior is lightly wounded.
Your +5 glaive of the Guard {elec, spectral, AC+5} misses the orc warrior.
The orc warrior hits you but does no damage.
Unknown command.
You hit the orc warrior but do no damage.
Lightning courses through the orc warrior!!
Flame seeps out of the orc warrior.
The orc warrior is severely wounded.
Your +5 glaive of the Guard {elec, spectral, AC+5} hits the orc warrior from afar!
The orc warrior explodes!
The fiery explosion engulfs you! You resist.
You die...

###.....###.### ###.
##....)....###.. ##
#!.........8##.. #
#!....)....8#.. #
#∩....⌠.....'. #
#!.........8#.. #
#..........8##g #
##......(..### ##
###...§@###.### ###.
###.#○#.o...###
###...
###§o.......###.....
#.......)...#......
#.......))..#......
#.....⌠.....#.....⌠
#.......).).'......
#...........#......
##.........###.....


You could see an orc warrior (inner flame, strong) and a friendly +5 glaive of
the Guard {elec, spectral, AC+5}.

Vanquished Creatures
  Josephine (D:10)
  Pikel (D:5)
  2 orc knights (Bailey)
  Maggie (D:7)
  A kobold demonologist (D:10)
  3 wraiths (D:10)
  Menkaure (D:5)
  Edmund (D:4)
  An acid dragon (D:10)
  8 orc warriors
  A sky beast (D:6)
  2 ogres
  2 black bears
  2 centaurs
  A lemure (D:4)
  A phantom (D:5)
  A kobold brigand (D:7)
  2 bullfrogs
  2 scorpions
  8 wights (D:6)
  A jelly (D:7)
  4 hounds
  Crazy Yiuf (D:5)
  3 orc priests
  2 sleepcaps
  6 orc wizards
  Natasha (thrice) (D:3)
  7 iguanas
  8 gnolls
  5 adders
  3 shadow imps
  2 white imps (D:5)
  An ufetubus (D:5)
  4 worms
  4 dart slugs
  32 orcs
  10 bats
  9 endoplasms
  6 giant cockroaches
  16 goblins
  12 hobgoblins
  7 jackals
  A quokka (D:4)
  3 ball pythons
  4 frilled lizards
  11 kobolds
  7 rats
214 creatures vanquished.

Vanquished Creatures (others)
  A spectral weapon (D:5)
1 creature vanquished.

Grand Total: 215 creatures vanquished

Notes
Turn   | Place    | Note
-------+----------+-------------------------------------------
     0 | D:1      | browni3141 the Mummy Hunter began the quest for the Orb.
     0 | D:1      | Reached XP level 1. HP: 16/16 MP: 1/1
    67 | D:1      | Reached skill level 1 in Stealth
   128 | D:1      | Reached XP level 2. HP: 22/22 MP: 2/2
   406 | D:2      | Gained mutation: You are in touch with the powers of death.
                  | [Mummy growth]
   406 | D:2      | Reached XP level 3. HP: 27/27 MP: 3/3
   651 | D:2      | Found a faded altar of an unknown god.
  1315 | D:1      | Reached XP level 4. HP: 33/33 MP: 3/5
  1371 | D:1      | Reached skill level 1 in Spellcasting
  1607 | D:3      | Noticed an ogre
  2474 | D:3      | Learned a level 3 spell: Portal Projectile
  2520 | D:3      | Noticed Natasha
  2522 | D:3      | Killed Natasha
  2523 | D:3      | Reached XP level 5. HP: 38/38 MP: 8/8
  2547 | D:3      | Noticed Natasha
  2551 | D:3      | Killed Natasha
  2591 | D:3      | Reached skill level 5 in Ranged Weapons
  2777 | D:3      | Noticed Natasha
  2789 | D:3      | Killed Natasha
  3112 | D:3      | Killed an ogre
  3113 | D:3      | Reached XP level 6. HP: 28/44 MP: 10/10
  3728 | D:4      | Identified the ring "Zunkick" {Contam rF+ rC+ Dex+3}
  3731 | D:4      | Noticed Edmund
  3819 | D:4      | Reached skill level 1 in Hexes
  3819 | D:4      | Reached skill level 1 in Translocations
  4286 | D:4      | Found a transporter.
  4289 | D:4      | Identified the +3 spear of Propriety {venom, rElec Will++
                  | Dex+6}
  4341 | D:4      | Reached XP level 7. HP: 45/51 MP: 11/11
  4404 | D:4      | Found a staircase to the Ecumenical Temple.
  4413 | Temple   | Entered the Ecumenical Temple
  4680 | D:4      | Found a transporter.
  4776 | D:5      | Entered Level 5 of the Dungeon
  4785 | D:5      | Found a runed translucent door.
  4786 | D:5      | Noticed Crazy Yiuf
  4867 | D:5      | Noticed Pikel
  4930 | D:5      | HP: 2/51 [lemure[Pikel] (5)]
  5500 | D:5      | Found the +5 glaive of the Guard {elec, spectral, AC+5}
  5560 | D:5      | Found a shimmering altar of Xom.
  5567 | D:5      | Found a shimmering altar of Xom.
  5567 | D:5      | Found a shimmering altar of Xom.
  5571 | D:5      | Found a shimmering altar of Xom.
  5616 | D:5      | Found Loator's Distillery.
  5746 | D:5      | Noticed Menkaure
  5750 | D:5      | Killed Menkaure
  5889 | D:5      | Killed Pikel
  5890 | D:5      | Reached skill level 3 in Polearms
  5890 | D:5      | Reached XP level 8. HP: 54/58 MP: 12/12
  6111 | D:5      | Found a shimmering altar of Xom.
  6115 | D:5      | Found a shimmering altar of Xom.
  6115 | D:5      | Found a shimmering altar of Xom.
  6308 | D:5      | Killed Crazy Yiuf
  6435 | D:4      | Killed Edmund
  6436 | D:4      | Reached skill level 4 in Polearms
  6516 | D:6      | Reached skill level 5 in Polearms
  6560 | D:6      | Found a hazy altar of Hepliaklqana.
  6647 | D:6      | Found Jafris's Assorted Antiques.
  6650 | D:6      | Identified the +9 falchion of Conflict {heavy, Drain rPois
                  | rF- rC+++}
  6651 | D:6      | Reached XP level 9. HP: 52/63 MP: 13/13
  6661 | D:6      | Reached skill level 6 in Polearms
  6857 | D:6      | Reached skill level 7 in Polearms
  6928 | D:6      | Identified the +5 morningstar "Fun Masa" {flame, Str+2}
  7095 | D:7      | Noticed Maggie
  7106 | D:7      | Killed Maggie
  7227 | D:7      | Reached skill level 8 in Polearms
  7452 | D:7      | Identified the +5 short sword "Japleru" {heavy, rElec Int-2
                  | Dex+7}
  7537 | D:7      | You fall into a shaft and drop 3 floors!
  7537 | D:10     | Entered Level 10 of the Dungeon
  7537 | D:10     | Found an opulent altar of Gozag.
  7541 | D:10     | Noticed Josephine
  7546 | D:10     | Reached skill level 9 in Polearms
  7571 | D:10     | Reached XP level 10. HP: 37/70 MP: 14/14
  7600 | D:10     | Killed Josephine
  7824 | D:10     | Found a flagged portal.
  7833 | Bailey   | Entered a bailey
  7862 | Bailey   | Noticed an orc knight
  7883 | Bailey   | Killed an orc knight
  7884 | Bailey   | Reached skill level 5 in Fighting
  8036 | Bailey   | Noticed an orc knight
  8057 | Bailey   | Killed an orc knight
  8382 | Bailey   | Reached skill level 5 in Dodging
  8388 | Bailey   | Noticed an orc warlord
  8461 | Bailey   | Killed by an exploding orc warrior... ignited by their
                  | inner flame

Illustrated notes

Levels and vault maps discovered:
D:1:      psy_arrival_whirlpool, layout_rooms
D:2:      layout_basic, dreamdust_ecumenical_altar_grove
D:3:      layout_basic, zin_statuary, uniq_natasha
D:4:      layout_rooms, minmay_temple_entry_glassed_door,
          gammafunk_ghost_gnarly_gnolls, serial_corexii_hall,
          corexii_hall_statues_x, corexii_hall_statues_l,
          corexii_hall_statues_l, chequers_hall_statues_corner_a,
          dreamdust_gnoll_farm, uniq_edmund
D:5:      layout_layer_cave, nicolae_xom_altar_mimics,
          mainiacjoe_overflow_tiny_flanked, serial_shops, shop, uniq_menkaure,
          uniq_pikel, uniq_crazy_yiuf_cottage
D:6:      layout_rooms, nzn_hepliaklqana_mist_gate, serial_shops, shop
D:7:      layout_basic, chequers_serial_rivers_small_a, uniq_maggie
D:10:     layout_gridville, mainiacjoe_overflow_brackets, enter_bailey_2,
          minivault_10, david_greed, uniq_josephine
Temple:   regret_index_temple_sphere_string
Bailey:   bailey_axe_minmay_hex_keep, bailey

Skill      XL: |  1  2  3  4  5  6  7  8  9 10 |
---------------+-------------------------------+-----
Stealth        | 1 |  1.0
Ranged Weapons | 4 5 6 |  6.0
Spellcasting   | 2 3 |  3.0
Dodging        | 2 5 |  5.1
Hexes          | 1 3 |  3.0
Translocations | 1 4 |  4.0
Fighting       | 3 6 |  6.1
Polearms       | 3 5 9 |  9.0
Armour         | |  0.7

Action                     |  1- 3 |  4- 6 |  7- 9 | 10-12 || total
---------------------------+-------+-------+-------+-------++-------
  Melee: Glaive            |       |       |   123 |    82 ||   205
         Sling             |       |       |     1 |       ||     1
   Fire: Shortbow          |   132 |    62 |     3 |       ||   197
         Sling             |       |   169 |    72 |       ||   241
  Evoke: Wand              |       |       |       |     4 ||     4
    Use: Scroll            |       |     3 |     5 |     3 ||    11
   Stab: Sleeping          |       |       |     2 |       ||     2
         Distracted        |       |       |     1 |     2 ||     3
 Armour: Leather armour    |    29 |    24 |    32 |       ||    85
         Swamp dragon scal |       |       |    15 |    25 ||    40
  Dodge: Dodged            |    64 |    68 |    90 |    26 ||   248

Table legend: (Time is in decaauts)
 A = Elapsed time spent in this place.
 B = Non-inter-level travel time spent in this place.
 C = Inter-level travel time spent in this place.
 D = Time resting spent in this place.
 E = Time spent auto-exploring this place.
 F = Levels seen in this place.
 G = Mean time per level.
                   A        B        C        D        E       F      G
               +--------+--------+--------+--------+--------+-----+--------+
         Total |   8633 |   7897 |    736 |    345 |   5600 |  10 |  863.3 |
       Dungeon |   7793 |   7084 |    709 |    343 |   5053 |   8 |  974.1 |
        Temple |    195 |    168 |     27 |      0 |    155 |   1 |  195.0 |
        Bailey |    645 |    645 |      0 |      2 |    392 |   1 |  645.0 |
               +--------+--------+--------+--------+--------+-----+--------+

Top non-repeatable levels by time:
     D:3: 2160 daAuts
     D:5: 1346 daAuts
     D:4: 1339 daAuts
     D:2: 922 daAuts
  Bailey: 645 daAuts
     D:1: 618 daAuts
     D:6: 588 daAuts
     D:7: 509 daAuts
    D:10: 308 daAuts
  Temple: 195 daAuts
